 Dungeon Crawl Stone Soup version 0.31-a0-221-gbddc013574 (webtiles) character file.

Game seed: 5922656111129519149

184 qw the Chopper (level 5, 0/32 HPs)
             Began as a Gargoyle Fighter on July 4, 2023.
             Slain by an orc wizard
             ... wielding a +0 dagger
              (2 damage)
             ... on level 4 of the Dungeon.
             The game lasted 00:01:25 (2225 turns).

qw the Chopper (Gargoyle Fighter)                   Turns: 2225, Time: 00:01:25

Health: 0/32       AC: 14    Str: 19 (21) XL:     5   Next: 63%
Magic:  5/5        EV:  7    Int:  9      God:
Gold:   81         SH:  4    Dex:  7 (9)  Spells: 4/4 levels left

rFire   . . .        Y - +0 war axe (venom)
rCold   + . .        c - +0 buckler
rNeg    + . .        i - +0 chain mail
rPois   inf          o - +0 helmet
rElec   +            (no cloak)
rCorr   .            (no gloves)
SInv    .            (no boots)
Will    +....        p - amulet of the acrobat Stlth
                     q - ring of willpower
HPRegen 0.25/turn    a - ring of protection from cold
MPRegen 0.09/turn

%: acrobat
@: no status effects
A: sickness immunity, AC +4, negative energy resistance 1, electricity
resistance, torment resistance 1, petrification resistance
a: no special abilities


You were on level 4 of the Dungeon.
You visited 1 branch of the dungeon, and saw 4 of its levels.

You collected 141 gold pieces.
You spent 60 gold pieces at shops.


Innate Abilities, Weirdness & Mutations

You are immune to sickness and miasma.
Your stone body is resilient. (AC +4)
You are immune to poison.
You resist negative energy. (rN+)
You are resistant to electric shocks. (rElec)
You are resistant to unholy torment.
You are immune to petrification.


   Skills:
 + Level 3.2 Fighting
 - Level 5.2 Axes
 - Level 3.2 Armour
 - Level 3.2 Shields


You had 4 spell levels left.
You didn't know any spells.
Your spell library was empty.

Inventory:

Hand Weapons
 h - a +0 mace
 Y - a +0 war axe of venom (weapon)
Armour
 c - a +0 buckler (worn)
 i - a +0 chain mail (worn)
 o - a +0 helmet (worn)
Jewellery
 a - a ring of protection from cold (right hand)
 p - an amulet of the acrobat (around neck)
 q - a ring of willpower (left hand)
Scrolls
 b - a scroll of fear {unknown}
 k - a scroll of identify
Potions
 d - a potion of might
 e - 2 potions of attraction
 f - a potion of invisibility {unknown}
 g - 3 potions of curing
 j - a potion of magic
 m - a potion of lignification

Dungeon Overview and Level Annotations

Branches:
Dungeon (4/15)
 Temple: D:4-7

Altars:
Fedhas

Shops:
D:1 !(!   D:3 =


Message History

Something hits you but does no damage. The orc wizard barely misses you.
You block the orc warrior's attack. You block the hound's attack.
You closely miss the orc wizard.
The orc wizard is severely wounded.
You hit the hound.
The hound looks as sick as possible!
You barely miss something. You hit the gnoll.
You kill the gnoll!
The hound bites you but does no damage.
The gnoll hits you from afar with a +0 spear.
Something hits you but does no damage. The orc warrior barely misses you.
The orc wizard hits you but does no damage.
You block the hound's attack. The gnoll closely misses you.
You block the orc wizard's attack. The orc warrior barely misses you.
Something hits you but does no damage. The gnoll hits you but does no damage.
You feel your intelligence returning.
You closely miss the orc wizard.
The orc wizard is almost dead.
You closely miss the hound. You barely miss something.
You kill the orc wizard!
The hound bites you but does no damage. x2
The gnoll hits you from afar with a +0 halberd.
The gnoll hits you but does no damage. Something hits you but does no damage.
The orc warrior hits you from afar with a +0 glaive!
You feel your strength returning.
You hit the hound.
You kill the hound!
You miss something. The orc warrior barely misses you.
The gnoll closely misses you. x2
Something hits you but does no damage.
Your Axes skill increases to level 5!
The orc warrior barely misses you. The gnoll closely misses you. x2
Something hits you.
Enter note:
Enter note: You closely miss the orc warrior.
You hit something.
The orc warrior hits you but does no damage.
The gnoll hits you from afar with a +0 halberd.
The gnoll hits you from afar with a +0 spear.
Something hits you.
You die...

..<##...##......#
.........#....?.+ #
.........#......#
.# .......##......#
...
.....##......##..>.
#...##...gg.......
#...##>..%{.......
##.......).@o......
#....##...)..##....
#....######+### .
#....'.........
#.#+###........
#....##........
#....'.........
#....#.........
#....##......##


You could see an orc warrior and 2 gnolls.

Vanquished Creatures
  2 hounds
  An orc wizard (D:4)
  A gnoll (D:4)
  3 worms
  4 dart slugs (D:1)
  8 endoplasms
  3 giant cockroaches
  6 goblins
  5 hobgoblins
  7 jackals (D:3)
  6 quokkas
  5 ball pythons
  7 bats
  4 frilled lizards
  5 kobolds
  3 rats
70 creatures vanquished.

Notes
Turn   | Place    | Note
-------+----------+-------------------------------------------
     0 | D:1      | qw the Gargoyle Fighter began the quest for the Orb.
     0 | D:1      | Reached XP level 1. HP: 14/14 MP: 1/1
     0 | D:1      | 0 ||| qw: Version: 0.3-a-40-ge99b1a8
     0 | D:1      | 0 ||| qw: Game counter: 667
     0 | D:1      | 0 ||| qw: Melee chars always use a shield: true
     0 | D:1      | 0 ||| qw: God list: Okawaru
     0 | D:1      | 0 ||| qw: Allow faded altars: false
     0 | D:1      | 0 ||| qw: Do Orc after clearing Dungeon:15 true
     0 | D:1      | 0 ||| qw: Do second Lair branch before Depths: true
     0 | D:1      | 0 ||| qw: Lair rune preference: random
     0 | D:1      | 0 ||| qw: Goals: Normal, Zot:1-4, Slime:5, God:TSO, Crypt,
                  | Tomb, Abyss, Pan, Hells, Win
     0 | D:1      | 0 ||| PLANNING D:1-11
    91 | D:1      | Reached skill level 2 in Axes
   155 | D:1      | 155 ||| Stepping ~*~*~tactically~*~*~ (stealth).
   167 | D:1      | 167 ||| Stepping ~*~*~tactically~*~*~ (hiding).
   169 | D:1      | 169 ||| Stepping ~*~*~tactically~*~*~ (hiding).
   192 | D:1      | Reached XP level 2. HP: 17/19 MP: 2/2
   265 | D:1      | 265 ||| Stepping ~*~*~tactically~*~*~ (hiding).
   267 | D:1      | 267 ||| Stepping ~*~*~tactically~*~*~ (hiding).
   419 | D:1      | 419 ||| Stepping ~*~*~tactically~*~*~ (hiding).
   430 | D:1      | Reached skill level 3 in Axes
   441 | D:1      | Reached XP level 3. HP: 23/23 MP: 3/3
   500 | D:1      | Found Ciedy's Distillery.
   509 | D:1      | 509 ||| DROPPING +0 club.
   518 | D:1      | 518 ||| BUYING potion of attraction (30 gold).
   518 | D:1      | Bought a potion of attraction for 30 gold pieces
   518 | D:1      | 518 ||| BUYING potion of curing (30 gold).
   518 | D:1      | Bought a potion of curing for 30 gold pieces
   518 | D:1      | 518 ||| SHOPLISTING potion of curing (30 gold, have 8).
   518 | D:1      | 518 ||| SHOPLISTING potion of enlightenment (50 gold, have
                  | 8).
   518 | D:1      | 518 ||| SHOPLISTING potion of haste (100 gold, have 8).
   518 | D:1      | 518 ||| SHOPLISTING potion of heal wounds (50 gold, have
                  | 8).
   518 | D:1      | 518 ||| SHOPLISTING potion of mutation (80 gold, have 8).
   646 | D:1      | Found Waagini's Antique Weapon Shoppe.
   664 | D:1      | Found Nackeg's Distillery.
   672 | D:1      | 672 ||| SHOPLISTING potion of attraction (30 gold, have 8).
   672 | D:1      | 672 ||| SHOPLISTING potion of curing (30 gold, have 8).
   672 | D:1      | 672 ||| SHOPLISTING potion of haste (100 gold, have 8).
   672 | D:1      | 672 ||| SHOPLISTING potion of heal wounds (50 gold, have
                  | 8).
   672 | D:1      | 672 ||| SHOPLISTING potion of mutation (80 gold, have 8).
   672 | D:1      | 672 ||| SHOPLISTING potion of resistance (100 gold, have
                  | 8).
   761 | D:1      | 761 ||| UPGRADING to +0 chain mail.
   771 | D:1      | 771 ||| DROPPING +0 scale mail.
   796 | D:2      | 796 ||| STAIRDANCE
   808 | D:2      | 808 ||| STAIRDANCE
   844 | D:2      | 844 ||| Stepping ~*~*~tactically~*~*~ (stealth).
   903 | D:2      | 903 ||| Stepping ~*~*~tactically~*~*~ (stealth).
   921 | D:2      | 921 ||| Stepping ~*~*~tactically~*~*~ (stealth).
   936 | D:2      | Identified the +4 quarterstaff "Beetle's Death Toll"
                  | {speed, +Blink rF+++ rCorr Int-3}
  1046 | D:2      | 1046 ||| Stepping ~*~*~tactically~*~*~ (stealth).
  1048 | D:2      | 1048 ||| Stepping ~*~*~tactically~*~*~ (stealth).
  1051 | D:2      | 1051 ||| Stepping ~*~*~tactically~*~*~ (stealth).
  1102 | D:2      | Found a faded altar of an unknown god.
  1345 | D:2      | Reached XP level 4. HP: 18/28 MP: 4/4
  1504 | D:2      | 1504 ||| UPGRADING to +0 helmet.
  1509 | D:2      | 1509 ||| UPGRADING to amulet of the acrobat.
  1514 | D:2      | 1514 ||| UPGRADING to ring of willpower.
  1515 | D:2      | 1515 ||| READING scroll labelled BISOOFR KATRICK.
  1516 | D:2      | 1516 ||| READING scroll labelled GISILASANK.
  1517 | D:2      | 1517 ||| READING scroll labelled YMIBBY XAOZIU.
  1518 | D:2      | 1518 ||| DRINKING 2 yellow potions.
  1519 | D:2      | 1519 ||| DROPPING potion of degeneration.
  1557 | D:3      | Found Towes's Jewellery Emporium.
  1565 | D:3      | 1565 ||| SHOPLISTING ring of Raylof {rF+ Str+2 SInv Stlth+}
                  | (518 gold, have 26).
  1565 | D:3      | 1565 ||| SHOPLISTING ring of fire (300 gold, have 26).
  1565 | D:3      | 1565 ||| SHOPLISTING ring of ice (300 gold, have 26).
  1565 | D:3      | 1565 ||| SHOPLISTING ring of positive energy (240 gold,
                  | have 26).
  1565 | D:3      | 1565 ||| SHOPLISTING ring of protection from cold (300
                  | gold, have 26).
  1626 | D:3      | 1626 ||| Stepping ~*~*~tactically~*~*~ (stealth).
  1635 | D:3      | Reached skill level 4 in Axes
  2087 | D:3      | 2087 ||| DROPPING amulet of magic regeneration.
  2088 | D:3      | 2088 ||| UPGRADING to ring of protection from cold.
  2089 | D:3      | 2089 ||| READING scroll labelled IHUNOZXUVI.
  2090 | D:3      | 2090 ||| READING scroll labelled EDUSTR GACOYVORGH.
  2097 | D:3      | 2097 ||| READING 4 scrolls of identify.
  2097 | D:3      | 2097 ||| IDENTIFYING coppery potion
  2098 | D:3      | 2098 ||| READING 3 scrolls of identify.
  2098 | D:3      | 2098 ||| IDENTIFYING bubbling dark potion
  2099 | D:3      | 2099 ||| READING 2 scrolls of identify.
  2099 | D:3      | 2099 ||| IDENTIFYING bubbling blue potion
  2100 | D:3      | 2100 ||| DROPPING potion of brilliance.
  2127 | D:4      | Reached XP level 5. HP: 31/32 MP: 5/5
  2138 | D:4      | Found a blossoming altar of Fedhas.
  2212 | D:4      | Noticed an orc warrior
  2222 | D:4      | HP: 8/32 [orc warrior/+0 glaive (8)]
  2224 | D:4      | Reached skill level 5 in Axes
  2225 | D:4      | HP: 2/32 [gnoll/+0 spear (3)]
  2225 | D:4      | Slain by an orc wizard

Levels and vault maps discovered:
D:1:      sevenhm_arrival_forest_fort_small_5, layout_basic, serial_shops, shop,
          shop, nicolae_shop_industrial_runoff, st_stairs_3,
          minmay_misc_feat_room
D:2:      layout_basic, ebering_ecumenical_altar_box, minmay_quadrilaterals
D:3:      layout_rooms, serial_shops, shop
D:4:      layout_gridville, mainiacjoe_overflow_small_starburst,
          kennysheep_little_box, mainiacjoe_overflow_catwalk

Skill      XL: |  1  2  3  4  5 |
---------------+----------------+-----
Axes           | 2 3 4 5 |  5.2
Fighting       | |  3.2
Armour         | |  3.2
Shields        | |  3.2

Action                     |  1- 3 |  4- 6 || total
---------------------------+-------+-------++-------
  Melee: War axe           |   104 |    84 ||   188
    Use: Scroll            |       |     8 ||     8
         Potion            |       |     1 ||     1
 Armour: Scale mail        |    16 |       ||    16
         Chain mail        |    27 |    82 ||   109
  Dodge: Dodged            |    32 |    37 ||    69
  Block: Buckler           |    18 |    22 ||    40

Table legend:
 A = Non-vault XP
 B = Vault XP
 C = Vault XP percentage of total XP
 D = Non-vault monster count
 E = Vault monster count
 F = Vault count percentage of total count
                 A         B        C        D         E       F
            +---------+---------+-------+---------+---------+-------
      Total |     247 |      16 |   6.1 |      62 |       8 |  11.4
            +---------+---------+-------+---------+---------+-------
        D:1 |      37 |       3 |   7.5 |      16 |       2 |  11.1
        D:2 |      31 |      13 |  29.5 |      17 |       6 |  26.1
        D:3 |      80 |       0 |   0.0 |      21 |       0 |   0.0
        D:4 |      99 |       0 |   0.0 |       8 |       0 |   0.0
            +---------+---------+-------+---------+---------+-------
